 Dungeon Crawl Stone Soup version 0.21.1-1-g345015f (webtiles) character file.

9995 TinyReaver the Cleaver (level 11, -2/102 HPs)
             Began as a Minotaur Fighter on May 5, 2018.
             Was a High Priest of Okawaru.
             Slain by a komodo dragon (7 damage)
             ... on level 2 of the Lair of Beasts on May 6, 2018.
             The game lasted 00:38:50 (12068 turns).

TinyReaver the Cleaver (Minotaur Fighter)          Turns: 12068, Time: 00:38:51

Health: -2/102     AC: 17    Str: 23    XL:     11   Next: 30%
Magic:  10/10      EV:  8    Int:  7    God:    Okawaru [*****.]
Gold:   505        SH: 13    Dex: 11    Spells: 10/10 levels left

rFire    . . .     SeeInvis .   a - +1 war axe
rCold    . . .     Gourm    .   c - +1 shield
rNeg     . . .     Faith    .   r - +0 chain mail
rPois    .         Spirit   .   (helmet restricted)
rElec    .         Reflect  .   (no cloak)
rCorr    +         Harm     .   l - +0 pair of gloves
MR       .....                  (no boots)
Stlth    ..........             (no amulet)
HPRegen  0.27/turn              u - +4 ring of protection
MPRegen  0.12/turn              x - ring of resist corrosion

@: lethally poisoned (-2 -> -12), hasted, very quick
A: retaliatory headbutt, horns 2, blink, clever 1
a: Blink, Heroism, Finesse, Renounce Religion


You were on level 2 of the Lair of Beasts.
You worshipped Okawaru.
Okawaru was extremely pleased with you.
You were not hungry.

You visited 3 branches of the dungeon, and saw 11 of its levels.

You collected 602 gold pieces.
You spent 97 gold pieces at shops.

Inventory:

Hand Weapons
 a - a +1 war axe (weapon)
 j - a +2 vampiric short sword
 B - a +0 falchion of holy wrath
 H - a +3 mace
 I - a +2 scimitar
Missiles
 g - a throwing net (quivered)
Armour
 b - a +0 scale mail
 c - a +1 shield (worn)
 l - a +0 pair of gloves (worn)
 r - a +0 chain mail (worn)
Jewellery
 d - an uncursed amulet of harm {unknown}
 k - an uncursed ring of flight
 u - a +4 ring of protection (left hand)
 x - a ring of resist corrosion (right hand)
Wands
 t - a wand of paralysis (10)
 w - a wand of iceblast (13)
 y - a wand of random effects (21)
 G - a wand of disintegration (7)
Scrolls
 m - 2 scrolls of remove curse
 n - a scroll of blinking
 o - 2 scrolls of teleportation
 q - 2 scrolls of enchant armour
 s - a scroll of magic mapping {unknown}
 A - a scroll of immolation
 E - 3 scrolls of identify
Potions
 p - a potion of degeneration
Books
 h - a Young Poisoner's Handbook

   Spells                             Type                      Level
   a - Sting                          Conjuration/Poison           1
   b - Poisonous Vapours              Poison/Air                   2
   c - Mephitic Cloud                 Conjuration/Poison/Air       3
   d - Olgreb's Toxic Radiance        Poison                       4
   e - Venom Bolt                     Conjuration/Poison           5
 i - a book of Changes

   Spells                             Type                      Level
   a - Beastly Appendage              Transmutation                1
   b - Sticks to Snakes               Transmutation                2
   c - Spider Form                    Transmutation/Poison         3
   d - Ice Form                       Ice/Transmutation            4
   e - Blade Hands                    Transmutation                5
 v - a book of Minor Magic

   Spells                             Type                      Level
   a - Magic Dart                     Conjuration                  1
   b - Blink                          Translocation                2
   c - Call Imp                       Summoning                    2
   d - Slow                           Hexes                        2
   e - Conjure Flame                  Conjuration/Fire             3
   f - Mephitic Cloud                 Conjuration/Poison/Air       3
Comestibles
 f - 16 rations


   Skills:
 + Level 11.0 Fighting
 + Level 11.1 Axes
 + Level 11.1 Armour
 - Level 1.0 Dodging
 - Level 0.2 Stealth
 + Level 11.1 Shields


You had 10 spell levels left.
You didn't know any spells.

Dungeon Overview and Level Annotations

Branches:
Dungeon (8/15)             Temple (1/1) D:4            Lair (2/6) D:8
  Swamp: Lair:2-4    Shoals: Lair:2-4     Snake: Lair:2-4    Spider: Lair:2-4

Altars:
Ashenzari
Cheibriados
Dithmenos
Elyvilon
Fedhas
Gozag
Hepliaklqana
Kikubaaqudgha
Makhleb
Nemelex Xobeh
Okawaru
Qazlal
Ru
Sif Muna
Trog
Uskayaw
Vehumet
Wu Jian
Xom
Yredelemnul
Zin
The Shining One

Shops:
D:8 ?


Innate Abilities, Weirdness & Mutations

You reflexively headbutt those who attack you in melee.
You have a pair of horns on your head.
You can translocate small distances at will.
Your mind is acute. (Int +2)


Message History

You feel sick. You block the wolf's attack.
* * * LOW HITPOINT WARNING * * *
You feel sick.
* * * LOW HITPOINT WARNING * * *
You feel sick. The wolf closely misses you.
You blink.
You feel slightly more hungry.
* * * LOW HITPOINT WARNING * * *
You feel sick.
* * * LOW HITPOINT WARNING * * *
You feel sick. The wolf bites you but does no damage.
You block the komodo dragon's attack.
* * * LOW HITPOINT WARNING * * *
You feel sick. You block the spiny frog's attack.
The wolf bites you but does no damage.
You feel yourself speed up.
* * * LOW HITPOINT WARNING * * *
You feel sick. You block the wolf's attack.
The spiny frog stings you but does no damage.
The komodo dragon bites you!
You die...

.................................
...P...............#####.........
......P.......#.)..#.8.#.........
P...P..†......##..#..............
....P..........#...8.>.8.........
...........†......#..............
.....♣..#.........##...#......>..
......####.....lFh##...#.........
...#### #....wh@.#..............
...# #...#####...8....#P....P
...#.. #...# .........##.....
.(..... .....# .8..<..8..##...#
............. ........ #...#
#P....... ..8.......#..# #.......
....#.....#.. ##...... #..8..##.
...... ##.... #.


You could see a tyrant leech, a komodo dragon, a spiny frog and 2 wolves.

Vanquished Creatures
  A two-headed ogre (D:8)
  An ugly thing (D:8)
  A black mamba (Lair:1)
  3 spiny frogs
  2 komodo dragons
  The ghost of crasatator the Chucker, an amateur TrHu (D:4)
  10 blink frogs
  Grinder (D:3)
  2 hippogriffs
  A spriggan (D:7)
  A yak (D:8)
  A basilisk (D:8)
  2 water moccasins
  6 porcupines
  2 ice beasts
  A phantom (D:5)
  A sky beast (D:5)
  An orc warrior (D:8)
  2 necrophages
  3 ogres
  7 wolves
  3 crocodiles
  A centaur (D:6)
  A big kobold (D:8)
  A bullfrog (Lair:2)
  2 scorpions
  A water moccasin skeleton (D:8)
  4 wights (D:7)
  A howler monkey (D:5)
  5 crimson imps
  4 hounds
  A jelly (D:5)
  A bullfrog skeleton (D:5)
  An orc priest (D:8)
  6 orc wizards
  A centaur skeleton (D:5)
  Ijyb (D:3)
  Jessica (D:3)
  Terence (D:3)
  2 iguanas
  4 worker ants
  A killer bee zombie (D:6)
  2 hound zombies
  A hound skeleton (D:5)
  A howler monkey zombie (D:6)
  A worker ant zombie (D:5)
  8 adders
  12 white imps (Lair:1)
  An adder skeleton (D:7)
  3 worms
  9 leopard geckos
  25 orcs
  2 bats
  8 giant cockroaches
  11 goblins
  8 hobgoblins
  6 jackals
  A quokka (D:5)
  3 ball pythons (D:1)
  11 frilled lizards
  A jackal skeleton (D:4)
  13 kobolds
  A leopard gecko skeleton (D:6)
  7 rats
  A bush (Lair:1)
  A fungus (Lair:1)
230 creatures vanquished.

Vanquished Creatures (others)
  A worm (D:2)
  A giant cockroach (D:2)
  4 jackals (D:2)
  A goblin (D:2)
  A rat (D:2)
  A fungus (Lair:1)
9 creatures vanquished.

Grand Total: 239 creatures vanquished

Notes
Turn   | Place    | Note
-------+----------+-------------------------------------------
     0 | D:1      | TinyReaver the Minotaur Fighter began the quest for the Orb.
     0 | D:1      | Reached XP level 1. HP: 19/19 MP: 0/0
    98 | D:1      | Reached XP level 2. HP: 27/27 MP: 1/1
   388 | D:1      | Reached XP level 3. HP: 32/33 MP: 2/2
   806 | D:2      | Found a runed door.
   806 | D:2      | Noticed a human
   808 | D:2      | Found a basalt altar of Yredelemnul.
   857 | D:2      | Reached XP level 4. HP: 38/40 MP: 3/3
  1139 | D:2      | Found a blossoming altar of Fedhas.
  1207 | D:2      | Found a stormy altar of Qazlal.
  1369 | D:3      | Noticed Ijyb
  1373 | D:3      | Paralysed by Ijyb for 3 turns
  1380 | D:3      | Killed Ijyb
  1427 | D:3      | Noticed Terence
  1435 | D:3      | Killed Terence
  1439 | D:3      | Reached XP level 5. HP: 34/47 MP: 4/4
  1480 | D:3      | Noticed Jessica
  1489 | D:3      | Killed Jessica
  1537 | D:3      | Found a sacrificial altar of Ru.
  1539 | D:3      | Found a snail-covered altar of Cheibriados.
  1541 | D:3      | Found a shattered altar of Ashenzari.
  1608 | D:3      | Reached skill level 1 in Dodging
  1777 | D:3      | Noticed Grinder
  1784 | D:3      | Paralysed by Grinder for 4 turns
  1795 | D:3      | Paralysed by Grinder for 7 turns
  1802 | D:3      | Killed Grinder
  1802 | D:3      | Reached skill level 5 in Fighting
  1802 | D:3      | Reached skill level 5 in Axes
  1802 | D:3      | Reached skill level 5 in Armour
  1802 | D:3      | Reached skill level 5 in Shields
  1802 | D:3      | Reached XP level 6. HP: 4/56 MP: 5/5
  2516 | D:4      | Reached XP level 7. HP: 36/61 MP: 6/6
  3182 | D:4      | Noticed crasatator's ghost (amateur TrHu)
  3227 | D:5      | Entered Level 5 of the Dungeon
  3752 | D:4      | Killed crasatator's ghost
  4079 | D:4      | Found a staircase to the Ecumenical Temple.
  4089 | Temple   | Entered the Ecumenical Temple
  4720 | D:5      | Reached XP level 8. HP: 63/70 MP: 7/7
  5959 | D:6      | Reached XP level 9. HP: 79/79 MP: 8/8
  6426 | D:7      | Found an iron altar of Okawaru.
  6498 | D:7      | Became a worshipper of Warmaster Okawaru
  6537 | D:7      | Found a glowing silver altar of Zin.
  6989 | D:8      | Noticed a purple ugly thing
  7071 | D:8      | Killed a purple ugly thing
  7071 | D:8      | Reached * piety under Okawaru
  7317 | D:8      | Found Kecol's Magic Scroll Emporium.
  7333 | D:8      | Bought a scroll of blinking for 97 gold pieces
  7402 | D:8      | Reached ** piety under Okawaru
  7435 | D:8      | Noticed a two-headed ogre
  7435 | D:8      | Found a staircase to the Lair.
  7449 | D:8      | Reached XP level 10. HP: 73/91 MP: 9/9
  7462 | D:8      | Killed a two-headed ogre
  8126 | Lair:1   | Entered Level 1 of the Lair of Beasts
  8205 | D:8      | HP: 2/91 [blink frog (7)]
  8215 | D:8      | Gained mutation: Your mind is acute. (Int +2) [potion of mutation]
  8215 | D:8      | Gained mutation: You can translocate small distances at will. [potion of mutation]
  8604 | Lair:1   | Reached *** piety under Okawaru
  8891 | Lair:1   | Reached skill level 10 in Axes
  9265 | Lair:1   | Noticed a spiny frog
  9277 | Lair:1   | Killed a spiny frog
  9277 | Lair:1   | Reached skill level 10 in Fighting
  9277 | Lair:1   | Reached skill level 10 in Armour
  9277 | Lair:1   | Reached skill level 10 in Shields
  9590 | Lair:1   | Noticed a spiny frog
  9660 | Lair:1   | Killed a spiny frog
  9660 | Lair:1   | Reached **** piety under Okawaru
 10358 | Lair:1   | Noticed a black mamba
 10753 | Lair:1   | Killed a black mamba
 10760 | Lair:1   | Reached XP level 11. HP: 67/101 MP: 10/10
 11807 | Lair:2   | Reached ***** piety under Okawaru
 12067 | Lair:2   | HP: 5/102 [poisoned by a spiny frog]
 12068 | Lair:2   | Slain by a komodo dragon

Skill      XL: |  1  2  3  4  5  6  7  8  9 10 11 |
---------------+----------------------------------+-----
Armour         | 4 5 6 7 9 10 11 | 11.1
Shields        | 4 5 6 7 9 10 11 | 11.1
Fighting       | 4 5 6 7 9 10 11 | 11.0
Axes           | 3 4 5 6 7 9 10 11 | 11.1
Dodging        | 1 |  1.0
Stealth        | |  0.2

Action                   |  1- 3 |  4- 6 |  7- 9 | 10-12 || total
-------------------------+-------+-------+-------+-------++-------
Melee: War axe           |    91 |    93 |   333 |   282 ||   799
       Headbutt          |    10 |    19 |    69 |    61 ||   159
Invok: Heroism           |       |       |       |     2 ||     2
 Abil: Blink             |       |       |       |     1 ||     1
  Use: Scroll            |     1 |     1 |    16 |     2 ||    20
       Potion            |       |     1 |     7 |     8 ||    16
  Eat: Chunk             |       |     3 |     1 |     3 ||     7
       Ration            |       |     1 |     4 |     4 ||     9
Armor: Scale mail        |    38 |    30 |    99 |    78 ||   245
       Chain mail        |       |       |       |    25 ||    25
Dodge: Dodged            |    29 |    34 |    88 |    92 ||   243
Block: Shield            |    57 |    35 |   174 |   188 ||   454
